 Dungeon Crawl Stone Soup version 0.29-a0-275-g389c0b56f3 (webtiles) character file.

Game seed: 7533874430427384638

64 spaghetti the Chopper (level 3, -1/30 HPs)
             Began as a Demigod Fighter on Mar 12, 2022.
             Slain by Terence
             ... wielding a +3 short sword of speed
              (6 damage)
             ... on level 3 of the Dungeon.
             The game lasted 00:02:45 (1752 turns).

spaghetti the Chopper (Demigod Fighter)             Turns: 1752, Time: 00:02:46

Health: -1/30      AC: 16    Str: 21    XL:     3   Next: 64%
Magic:  5/5        EV:  5    Int: 10    God:
Gold:   154        SH:  4    Dex: 13    Spells: 2/2 levels left

rFire   . . .      SeeInvis .   q - +1 dagger (vamp) {short}
rCold   . . .      Faith    .   c - +0 buckler
rNeg    . . .      Spirit   .   j - +0 plate armour
rPois   .          Reflect  .   s - +0 helmet
rElec   .          Harm     .   n - +0 cloak
rCorr   .          Rampage  .   (no gloves)
Will    .....                   l - +2 pair of boots {Fly}
Stlth   ..........              (no amulet)
HPRegen 0.10/turn               h - ring of wizardry
MPRegen 0.09/turn               o - ring of wizardry

@: mighty, flying
A: high MP 1, forlorn, divine attributes
a: no special abilities


You were on level 3 of the Dungeon.
You visited 1 branch of the dungeon, and saw 3 of its levels.

You collected 154 gold pieces.


Innate Abilities, Weirdness & Mutations

You have an increased reservoir of magic. (+10% MP)
You shall have no god before yourself.
Your divine heritage dramatically boosts your attributes as you level up.


   Skills:
 - Level 2.6 Fighting
 - Level 3.7 Axes
 + Level 2.9 Armour
 - Level 2.6 Shields


You had 2 spell levels left.
You didn't know any spells.
Your spell library was empty.

Inventory:

Hand Weapons
 a - a +0 war axe {axe}
 q - a +1 vampiric dagger (weapon) {short}
   (You took it off a goblin on level 2 of the Dungeon)
Missiles
 e - 59 stones (quivered) {throwing}
Armour
 b - a +0 scale mail
 c - a +0 buckler (worn)
 j - a +0 plate armour (worn)
   (You found it on level 1 of the Dungeon)
 l - a +2 pair of boots of flying (worn)
   (You found it on level 2 of the Dungeon)
 n - a +0 cloak (worn)
   (You found it on level 2 of the Dungeon)
 s - a +0 helmet (worn)
   (You found it on level 2 of the Dungeon)
Jewellery
 g - a ring of resist corrosion
   (You found it on level 1 of the Dungeon)
 h - a ring of wizardry (left hand)
   (You found it on level 1 of the Dungeon)
 o - a ring of wizardry (right hand)
   (You found it on level 2 of the Dungeon)
Scrolls
 f - a scroll of summoning {unknown}
 k - a scroll of blinking {!r}
Potions
 i - a potion of flight {unknown}
 m - 3 potions of curing {@q1}
 p - a potion of heal wounds {unknown}
 r - 3 potions of ambrosia {unknown}
 t - a potion of lignification {unknown}
 u - 2 potions of mutation {unknown}

Dungeon Overview and Level Annotations

Branches:
Dungeon (3/15)

Annotations:
D:3 Terence

##.<.####
####...##.#.
#.......+
+...........
##....###
####........
##.#.# ##.######
###.# #.# .# #.#
# #+# #.# #.#####
#.# #@#...#####.#
#####@#.........#
#.(.?b....#######
#.#......##
##..(### ....(##
#.###(# # #.. #.#


You could see Terence and a bat.


Message History

The frilled lizard hisses angrily. 😎 HP[+1]
Your hp is fully restored (30).
A frilled lizard is nearby!
A frilled lizard is nearby!
You throw a stone {throwing}.
The stone {throwing} barely misses the frilled lizard.
You throw a stone {throwing}.
The stone {throwing} misses the frilled lizard.
The frilled lizard bites you but does no damage.
You hit the frilled lizard. The frilled lizard bites you. 😕 HP[-2]
You take 2 damage, and now have 28/30 hp.
You barely miss the frilled lizard. The frilled lizard barely misses you.
You closely miss the frilled lizard. The frilled lizard barely misses you.
You hit the frilled lizard.
You feel better.
You kill the frilled lizard! 😕 HP[+1] Terence the Incautious comes into view.
He is wielding a +3 short sword of speed.
Terence shouts! 😎 HP[+1]
Your hp is fully restored (30).
You throw a stone {throwing}.
The stone {throwing} completely misses Terence.
You throw a stone {throwing}.
The stone {throwing} hits Terence but does no damage.
You throw a stone {throwing}.
The stone {throwing} hits Terence but does no damage.
You throw a stone {throwing}.
The stone {throwing} barely misses Terence.
You throw a stone {throwing}.
The stone {throwing} barely misses Terence.
You hit Terence but do no damage. Terence barely misses you.
You block Terence's attack.
You barely miss Terence.
Terence hits you with a +3 short sword of speed. 😕 HP[-1]
You take 1 damage, and now have 29/30 hp.
You hit Terence but do no damage.
Terence hits you with a +3 short sword of speed.
You block Terence's attack. 😕 HP[-3]
You take 3 damage, and now have 26/30 hp.
You hit Terence but do no damage. Terence hits you but does no damage. x2
You closely miss Terence. Terence hits you but does no damage.
You hit Terence but do no damage. Terence hits you but does no damage. x2
You hit Terence but do no damage. You block Terence's attack.
Terence hits you with a +3 short sword of speed. 😮 HP[-4]
You take 4 damage, and now have 22/30 hp.
You are too injured to fight recklessly!
You are too injured to fight recklessly!
You hit Terence. Terence barely misses you.
You hit Terence but do no damage.
A bat comes into view.
Terence hits you but does no damage. x2; The bat moves out of view.
Terence attacks as you move away!
Terence hits you with a +3 short sword of speed. 😮 HP[-2]
You take 2 damage, and now have 20/30 hp.
You barely miss Terence. Terence hits you but does no damage.
You hit Terence. You block Terence's attack.
Terence hits you with a +3 short sword of speed.
* * * LOW HITPOINT WARNING * * *
😨 HP[-6]
You take 6 damage, and now have 14/30 hp.
You hit Terence but do no damage.
Terence hits you with a +3 short sword of speed.
* * * LOW HITPOINT WARNING * * *
😨 HP[-5]
You take 5 damage, and now have 9/30 hp.
You hit Terence but do no damage. Terence barely misses you.
Terence hits you but does no damage.
You aren't carrying any items that you can evoke.
You feel very mighty all of a sudden. Terence hits you but does no damage. x2
You hit Terence.
Terence hits you with a +3 short sword of speed.
* * * LOW HITPOINT WARNING * * *
😱 HP[-3]
You take 3 damage, and now have 6/30 hp.
You hit Terence. Terence hits you but does no damage. x2
You completely miss Terence. Terence hits you but does no damage.
You hit Terence.
You feel better.
Terence drinks a potion.
Terence is healed! 😨 HP[+4]
You regained 4 hp, and now have 10/30 hp.
You hit Terence.
You feel better.
Terence hits you with a +3 short sword of speed.
* * * LOW HITPOINT WARNING * * *
Terence hits you but does no damage. 😱 HP[-3]
You take 3 damage, and now have 7/30 hp.
You hit Terence. Terence hits you but does no damage.
You hit Terence.
You feel better.
Terence hits you with a +3 short sword of speed.
* * * LOW HITPOINT WARNING * * *
Terence hits you with a +3 short sword of speed.
You die...

Skill      XL: |  1  2 |
---------------+-------+-----
Axes           | 2 3 |  3.7
Fighting       | |  2.6
Armour         | |  2.9
Shields        | |  2.6

Action                   || total
-------------------------++-------
Melee: War axe           ||    60
       Dagger            ||    85
Throw: Stone             ||    69
  Use: Scroll            ||     2
       Potion            ||     1
Armor: Scale mail        ||    12
       Plate armour      ||    88
Dodge: Dodged            ||    29
Block: Buckler           ||    28

Levels and vault maps discovered:
D:1:      mushboom_english_gardens, layout_rooms
D:2:      layout_loops_cross, basic_ecumenical_altar, minmay_tromino_mix6
D:3:      gammafunk_wand_slinger, layout_loops_corners,
          gammafunk_ghost_cemetery, minmay_misc_feat_nine_boxes, uniq_terence

Notes
Turn   | Place    | Note
-------+----------+-------------------------------------------
     0 | D:1      | spaghetti the Demigod Fighter began the quest for the Orb.
     0 | D:1      | Reached XP level 1. HP: 18/18 MP: 3/3
     0 | D:1      | magus.rc [v1.9.6]
    89 | D:1      | Reached skill level 2 in Axes
   452 | D:1      | Reached XP level 2. HP: 23/25 MP: 4/4
   691 | D:2      | Reached skill level 3 in Axes
   832 | D:2      | Reached XP level 3. HP: 30/30 MP: 5/5
  1724 | D:3      | Noticed Terence
  1746 | D:3      | HP: 6/30 [Terence/+3 short sword of speed (3)]
  1752 | D:3      | HP: 5/30 [Terence/+3 short sword of speed (5)]
  1752 | D:3      | Slain by Terence

Vanquished Creatures
  3 adders (D:2)
  A worm (D:2)
  5 bats
  4 endoplasms
  A hobgoblin (D:3)
  3 kobolds
  2 quokkas (D:2)
  3 ball pythons
  3 frilled lizards
  9 goblins
  A rat (D:1)
35 creatures vanquished.

Table legend:
 A = Non-vault XP
 B = Vault XP
 C = Vault XP percentage of total XP
 D = Non-vault monster count
 E = Vault monster count
 F = Vault count percentage of total count
                 A         B        C        D         E       F
            +---------+---------+-------+---------+---------+-------
      Total |      88 |       4 |   4.3 |      32 |       3 |   8.6
            +---------+---------+-------+---------+---------+-------
        D:1 |      15 |       0 |   0.0 |      10 |       0 |   0.0
        D:2 |      63 |       4 |   6.0 |      16 |       3 |  15.8
        D:3 |      10 |       0 |   0.0 |       6 |       0 |   0.0
            +---------+---------+-------+---------+---------+-------

Illustrated notes

Table legend:
 A = Kills in this place as a percentage of kills in entire the game.
 B = Kills by you in this place as a percentage of kills by you in the entire game.
 C = Kills by friends in this place as a percentage of kills by friends in the entire game.
 D = Other kills in this place as a percentage of other kills in the entire game.
 E = Experience gained in this place as a percentage of experience gained in the entire game.
 F = Experience gained in this place divided by the number of levels of this place that you have seen.
                   A       B       C       D       E      F
               +-------+-------+-------+-------+-------+----------------------
         Total | 100.0 | 100.0 |   N/A |   N/A | 100.0 |  30.7
       Dungeon | 100.0 | 100.0 |   N/A |   N/A | 100.0 |  30.7
               +-------+-------+-------+-------+-------+----------------------

Table legend: (Time is in decaauts)
 A = Elapsed time spent in this place.
 B = Non-inter-level travel time spent in this place.
 C = Inter-level travel time spent in this place.
 D = Time resting spent in this place.
 E = Time spent auto-exploring this place.
 F = Levels seen in this place.
 G = Mean time per level.
                   A        B        C        D        E       F      G
               +--------+--------+--------+--------+--------+-----+--------+
         Total |   1788 |   1729 |     59 |      0 |   1313 |   3 |  596.0 |
       Dungeon |   1788 |   1729 |     59 |      0 |   1313 |   3 |  596.0 |
               +--------+--------+--------+--------+--------+-----+--------+

Top non-repeatable levels by time:
     D:2: 977 daAuts
     D:1: 617 daAuts
     D:3: 193 daAuts
